cohdb
Replays
Latest Replays
All Replays
Popular Replays
Top Player Replays
Match Explorer
How It Works
Community
CoH3 Stats
Reddit
Sign in to upload your games and track your stats! →
Sign in with Steam
Match 42372171
Unlisted
Match 42372171
Overview
Messages
Build Orders
End
Kradschützen Motorcycle Team
Panzergrenadier Squad
250 Light Carrier
Panzergrenadier Squad
Construct Light Support Kompanie
MG34 Team
Fire Support Elements
Combat Half-tracks
2.5-tonne Medical Truck
Pak 38 Mechanized Group
Construct Panzerarmee Kommand
Panzer III L Medium Tank
Selects Battlefield Espionage Battlegroup
Selects 250/3 Funkpanzerwagen
Selects Intel Disruption Beacon
Vehicle Survival Package
Selects Anti-Tank Incendiary Munitions
Armored Reserves
Selects Plunder
Tungsten Core Ammunition
Tiger Heavy Tank
Veteran Squad Leaders
Etgo
Hk
Jarkke
Enoche
pigon
Dogon222
0
0
Comments
sign in to comment!
No comments posted yet!